 Dungeon Crawl Stone Soup version 0.24-a0-264-gf46a388 (webtiles) character file.

Game seed: 2534366499363557707

2137 Laiders72 the Cudgeler (level 9, 0/82 HPs)
             Began as a Deep Dwarf Fighter on Apr 21, 2019.
             Was an Initiate of Makhleb.
             Slain by a centaur (4 damage)
             ... on level 6 of the Dungeon.
             The game lasted 00:12:20 (4373 turns).

Laiders72 the Cudgeler (Deep Dwarf Fighter)         Turns: 4373, Time: 00:12:21

Health: 0/82       AC:  9    Str: 21    XL:     9   Next: 9%
Magic:  4/4        EV: 10    Int: 13    God:    Makhleb [......]
Gold:   153        SH: 11    Dex: 14    Spells: 8/8 levels left

rFire    . . .     SeeInvis +   x - +8 demon blade "Bloodbane" {slice, *Rage +Rage Stlth-}
rCold    . . .     Gourm    .   c - +0 shield
rNeg     . . .     Faith    .   j - +0 scale mail (curse)
rPois    .         Spirit   .   (no helmet)
rElec    +         Reflect  .   (no cloak)
rCorr    .         Harm     .   s - +0 pair of gloves
MR       +....     Rnd*Rage +   d - +0 pair of boots
Stlth    ..........             (no amulet)
HPRegen  0.00/turn              h - +2 ring of evasion
MPRegen  0.09/turn              C - ring of Ysiffenemi {+Inv rElec Int+4 SInv}

@: non-regenerating
A: damage resistance, heal wounds, sense surroundings 2, no regeneration
a: Heal Wounds, Renounce Religion, Evoke Berserk Rage, Evoke Invisibility


You were on level 6 of the Dungeon.
You worshipped Makhleb.
Makhleb was noncommittal.
You were not hungry.

You visited 2 branches of the dungeon, and saw 7 of its levels.

You collected 153 gold pieces.

Inventory:

Hand Weapons
 t - a +2 flail of crushing
 x - the +8 demon blade "Bloodbane" (weapon) {slice, *Rage +Rage Stlth-}
   (You found it on level 4 of the Dungeon)

   It inflicts extra damage upon your enemies.
   It lets you go berserk.
   It may make you go berserk in combat.
   It makes you less stealthy.
Missiles
 r - 2 tomahawks (quivered)
 v - 18 sling bullets
Armour
 c - a +0 shield (worn)
 d - a +0 pair of boots (worn)
 g - a +0 chain mail
 j - a cursed +0 scale mail (worn)
 s - a +0 pair of gloves (worn)
Jewellery
 h - a +2 ring of evasion (left hand)
 A - a cursed ring of attention {unknown}
 C - the ring of Ysiffenemi (right hand) {+Inv rElec Int+4 SInv}
   (You found it on level 5 of the Dungeon)

   [ring of see invisible]

   It affects your intelligence (+4).
   It insulates you from electricity.
   It lets you see invisible.
   It lets you turn invisible.
Wands
 a - a wand of disintegration (14)
 q - a wand of flame (20)
Scrolls
 b - a scroll of random uselessness {unknown}
 e - 4 scrolls of identify
 k - 2 scrolls of remove curse {unknown}
 n - a scroll of enchant armour {unknown}
 o - a scroll of noise {unknown}
 w - a scroll of fog {unknown}
 y - a scroll of acquirement {unknown}
 E - a scroll of teleportation {unknown}
Potions
 i - a potion of magic {unknown}
 l - a potion of degeneration {unknown}
 m - 5 potions of curing
 p - 2 potions of heal wounds {unknown}
 u - 2 potions of flight {unknown}
 z - 2 potions of cancellation {unknown}
 B - a potion of brilliance {unknown}
Comestibles
 f - 13 rations


   Skills:
 + Level 6.1 Fighting
 * Level 3.8 Long Blades
 - Level 7.7 Maces & Flails
 - Level 3.2 Armour
 + Level 7.3 Shields


You had 8 spell levels left.
You didn't know any spells.
Your spell library contained the following spells:

 Spells                   Type           Power        Failure   Level  Hunger
 Flame Tongue             Conj/Fire      #....        92%         1    ##.....
 Freeze                   Ice            #...         92%         1    ##.....
 Throw Flame              Conj/Fire      #.....       98%         2    ###....
 Throw Frost              Conj/Ice       #.....       98%         2    ###....
 Conjure Flame            Conj/Fire      #.......     100%        3    ####...
 Inner Flame              Hex/Fire       #.......     100%        3    ####...
 Ozocubu's Armour         Chrm/Ice       #.......     100%        3    ####...
 Sticky Flame             Conj/Fire      #.......     100%        4    #####..
 Summon Ice Beast         Ice/Summ       #.......     100%        4    #####..
 Throw Icicle             Conj/Ice       #.......     100%        4    #####..
 Fireball                 Conj/Fire      #.........   100%        5    ######.


Dungeon Overview and Level Annotations

Branches:
Dungeon (6/15)             Temple (1/1) D:5

Altars:
Ashenzari
Cheibriados
Dithmenos
Elyvilon
Fedhas
Gozag
Kikubaaqudgha
Makhleb
Nemelex Xobeh
Okawaru
Qazlal
Ru
Sif Muna
Trog
Uskayaw
Vehumet
Wu Jian
Xom
Yredelemnul
Zin
The Shining One


Innate Abilities, Weirdness & Mutations

You are resistant to damage.
You can heal yourself by infusing magical energy.
You passively map the area around you.
You do not regenerate.


Message History

The centaur shoots an arrow.
The arrow hits you but does no damage.
You see here an arrow.
The centaur shoots an arrow.
The arrow hits you but does no damage.
You see here 3 arrows.
The centaur shoots an arrow.
The arrow hits you!
* * * LOW HITPOINT WARNING * * *
You see here 2 arrows.
You recover from your berserk rage.
The centaur shoots an arrow.
The arrow closely misses you.
The centaur shoots an arrow.
The arrow closely misses you.
The centaur shoots an arrow.
The arrow hits you.
* * * LOW HITPOINT WARNING * * *
The centaur shoots an arrow.
The arrow hits you!
* * * LOW HITPOINT WARNING * * *
You see here 2 arrows.
The centaur unwields a +0 shortbow.
You block the centaur's attack.
You slash the centaur!
The centaur is heavily wounded.
The centaur barely misses you. The centaur hits you.
You die...

* *, #.#.#
#.#####.. , #.#.#
#........ #.#.#
#.######. * #(#.#
#.#<...#. * #(#.#
#.####.#. * #.#.#
#.####.#. , #.#.#
#.<....#. ,
#(#.#############.
*** ,*
#@#...............
* *
#c################
, , ,..# * ##.#
###


You could see a centaur.

Vanquished Creatures
  Pikel (D:5)
  A hornet (D:5)
  2 ice beasts (D:6)
  3 ogres
  A centaur (D:6)
  5 wights (D:6)
  A howler monkey (D:4)
  A crimson imp (D:6)
  A bullfrog zombie (D:5)
  2 hounds
  Jessica (D:3)
  Terence (D:3)
  3 iguanas
  2 orc wizards (D:4)
  5 worker ants
  A killer bee zombie (D:6)
  A worker ant zombie (D:4)
  A gnoll (D:1)
  13 adders
  An ooze (D:2)
  5 worms
  3 dart slugs
  2 leopard geckos
  3 orcs
  5 giant cockroaches
  5 goblins
  16 hobgoblins
  7 jackals
  2 quokkas
  A ball python (D:4)
  9 bats
  6 frilled lizards
  3 kobolds
  A leopard gecko zombie (D:5)
  8 rats
123 creatures vanquished.

Notes
Turn   | Place    | Note
-------+----------+-------------------------------------------
     0 | D:1      | Laiders72 the Deep Dwarf Fighter began the quest for the
                  | Orb.
     0 | D:1      | Reached XP level 1. HP: 20/20 MP: 1/1
    29 | D:1      | HP: 1/20 [gnoll/+0 spear (2)]
    45 | D:1      | Reached XP level 2. HP: 20/27 MP: 1/1
   607 | D:1      | Reached XP level 3. HP: 23/34 MP: 2/2
  1090 | D:2      | Reached XP level 4. HP: 35/42 MP: 3/3
  1680 | D:3      | Noticed Terence
  1703 | D:3      | Killed Terence
  1703 | D:3      | Reached XP level 5. HP: 20/49 MP: 4/4
  1765 | D:3      | Noticed Jessica
  1774 | D:3      | Killed Jessica
  1868 | D:3      | Found a sparkling altar of Nemelex Xobeh.
  1903 | D:3      | Found a faded altar of an unknown god.
  2261 | D:4      | Reached XP level 6. HP: 45/57 MP: 4/4
  2336 | D:4      | Found the +8 demon blade "Bloodbane" {slice, *Rage +Rage
                  | Stlth-}
  2374 | D:4      | Reached skill level 5 in Maces & Flails
  2637 | D:4      | Reached skill level 5 in Shields
  2704 | D:4      | Reached XP level 7. HP: 16/64 MP: 5/5
  3022 | D:5      | Entered Level 5 of the Dungeon
  3195 | D:5      | Got a twitching platinum ring
  3211 | D:5      | Identified the ring of Ysiffenemi {+Inv rElec Int+4 SInv}
                  | (You found it on level 5 of the Dungeon)
  3329 | D:5      | Found a staircase to the Ecumenical Temple.
  3332 | D:5      | Noticed a hornet
  3343 | D:5      | Paralysed by a hornet for 2 turns
  3344 | D:5      | HP: 3/66 [hornet (8)]
  3350 | D:5      | Killed a hornet
  3380 | Temple   | Entered the Ecumenical Temple
  3493 | Temple   | Became a worshipper of Makhleb the Destroyer
  3535 | D:5      | Noticed Pikel
  3555 | D:5      | Killed Pikel
  3555 | D:5      | Reached skill level 5 in Fighting
  3555 | D:5      | Reached XP level 8. HP: 28/75 MP: 4/4
  3843 | D:6      | Reached skill level 1 in Long Blades
  4315 | D:6      | Gained mutation: You passively map the area around you.
                  | [Deep Dwarf growth]
  4315 | D:6      | Reached XP level 9. HP: 18/82 MP: 4/4
  4371 | D:6      | HP: 4/82 [centaur/arrow (5)]
  4373 | D:6      | Slain by a centaur

Levels and vault maps discovered:
D:1:      dpeg_arrival_arbitrary_c, layout_basic, st_stairs_12
D:2:      layout_loops_ring, nrook_loot_triangle
D:3:      layout_rooms, chequers_ecumenical_altar_island,
          nemelex_diamond_rough_becter, uniq_jessica, uniq_terence
D:4:      layout_basic
D:5:      layout_loops_ring, minmay_temple_entry_sparse_star, first_ration,
          uniq_pikel
D:6:      layout_basic
Temple:   regret_index_temple_sigil_plot

Skill      XL: |  1  2  3  4  5  6  7  8 |
---------------+-------------------------+-----
Fighting       | 3 4 5 6 |  6.1
Maces & Flails | 3 4 5 7 |  7.7
Shields        | 4 5 6 7 |  7.3
Long Blades    | 3 |  3.8
Armour         | |  3.2

Action                   |  1- 3 |  4- 6 |  7- 9 || total
-------------------------+-------+-------+-------++-------
Melee: Flail             |   153 |   271 |    73 ||   497
       Demon blade       |       |       |    49 ||    49
 Abil: Heal Wounds       |     2 |     3 |     8 ||    13
  Use: Scroll            |       |     1 |     1 ||     2
       Potion            |       |       |     2 ||     2
  Eat: Chunk             |     1 |     5 |     6 ||    12
Armor: Scale mail        |    58 |   145 |    54 ||   257
       Chain mail        |     5 |       |       ||     5
Dodge: Dodged            |    68 |   158 |    74 ||   300
Block: Shield            |    89 |   216 |    98 ||   403
       Rpst.: Demon blade |       |       |     5 ||     5

Table legend:
 A = Non-vault XP
 B = Vault XP
 C = Vault XP percentage of total XP
 D = Non-vault monster count
 E = Vault monster count
 F = Vault count percentage of total count
                 A         B        C        D         E       F
            +---------+---------+-------+---------+---------+-------
      Total |    2315 |     738 |  24.2 |     119 |       4 |   3.3
            +---------+---------+-------+---------+---------+-------
        D:1 |      48 |       2 |   4.0 |      20 |       1 |   4.8
        D:2 |      99 |       0 |   0.0 |      23 |       0 |   0.0
        D:3 |      97 |      73 |  42.9 |      28 |       2 |   6.7
        D:4 |     489 |       0 |   0.0 |      17 |       0 |   0.0
        D:5 |     660 |     663 |  50.1 |      15 |       1 |   6.2
        D:6 |     922 |       0 |   0.0 |      16 |       0 |   0.0
            +---------+---------+-------+---------+---------+-------
